 Dungeon Crawl Stone Soup version 0.27.0-1-g7a089689b8 (webtiles) character file.

Game seed: 6593443389338240221

85 ABBCCCDDDD the Skirmisher (level 4, 0/37 HPs)
             Began as a Djinni Fighter on Aug 5, 2021.
             Was a Priest of Jiyva.
             Slain by a black bear (7 damage)
             ... on level 4 of the Dungeon.
             The game lasted 00:06:55 (4100 turns).

ABBCCCDDDD the Skirmisher (Djinni Fighter)          Turns: 4100, Time: 00:06:56

Health: 0/37       AC:  6    Str: 19    XL:     4   Next: 75%
Gold:   78         EV:  7    Int:  8    God:    Jiyva [***...] SH:  9 Dex: 11

rFire    + + .     SeeInvis .   a - +0 long sword
rCold    x . .     Faith    .   c - +0 kite shield
rNeg     . . .     Spirit   .   b - +0 scale mail
rPois    ∞         Reflect  .   (no helmet)
rElec    .         Harm     .   (no cloak)
rCorr    +         Rampage  .   (no gloves)
Will     .....                  (boots unavailable)
Stlth    ..........             (no amulet)
HPRegen  0.12/turn              (no ring)
MPRegen  0.00/turn              (no ring)

@: flying
A: sickness immunity, fire resistance 2, cold vulnerability 1, float, innate
caster, hp casting, extra vitality 1
a: Renounce Religion, Request Jelly


You were on level 4 of the Dungeon.
You worshipped Jiyva.
Jiyva was most pleased with you.
You visited 1 branch of the dungeon, and saw 4 of its levels.
You also visited: Sewer.

You collected 78 gold pieces.

Inventory:

Hand Weapons
 a - a +0 long sword (weapon)
Missiles
 g - 26 poisoned darts (quivered)
Armour
 b - a +0 scale mail (worn)
 c - a +0 kite shield (worn)
Jewellery
 e - an amulet of reflection
 n - a +6 ring of dexterity
Scrolls
 f - a scroll of noise {unknown}
 h - 2 scrolls of fear
 j - 2 scrolls of identify
 l - a scroll of blinking {unknown}
 o - 3 scrolls of enchant armour {unknown}
 p - a scroll of enchant weapon {unknown}
 q - 3 scrolls of brand weapon {unknown}
Potions
 d - a potion of might
 i - a potion of lignification
 k - a potion of haste
 m - a potion of resistance {unknown}
 r - a potion of flight {unknown}


   Skills:
 + Level 3.7 Fighting
 * Level 3.5 Long Blades
 - Level 3.0 Armour
 - Level 3.0 Shields


You had 2 spell levels left.
You knew the following spells:

 Your Spells              Type           Power      Damage    Failure   Level
a - Beastly Appendage     Tmut           0%         N/A       99%         1
Your spell library was empty.

Dungeon Overview and Level Annotations

Branches:
Dungeon (4/15)              Sewer (visited)
 Temple: D:4-7

Altars:
Uskayaw
Jiyva

Annotations:
D:4 3 runed translucent doors, Grinder; coffeespoons's ghost, novice OpAE


Innate Abilities, Weirdness & Mutations

You are immune to sickness and miasma.
You are immune to poison.
Your flesh is very heat resistant. (rF++)
You are vulnerable to cold. (rC-)
You float through the air rather than walking.
You learn spells naturally, not from books.
Your magical power is your life essence.
You have superior vitality. (+4 HP)


Message History

You see here a poisoned dart.
As you read the scroll of teleportation, it crumbles to dust.
You feel strangely unstable. Grinder hits you.
* * * LOW HITPOINT WARNING * * *
Grinder blinks!
Your surroundings suddenly seem different.
A black bear comes into view.
The black bear growls angrily.
Found a dented blue amulet.
Found a scroll labelled JESARO HESIRE.
Found 11 large rocks and 4 stones.
You swap places.
Coffeespoons's ghost screams, "Don't try to defend!
You have no chance!"
Found a scroll labelled RUOSHR CUZOTI.
You see here a scroll labelled JESARO HESIRE.
o - 3 scrolls labelled JESARO HESIRE (gained 1) Coffeespoons's ghost says very slowly, "There's no hope."
You block the black bear's attack. The black bear barely misses you.
The black bear closely misses you. The black bear bites you.
* * * LOW HITPOINT WARNING * * *
You block the black bear's attack. The black bear barely misses you.
Found 23 stones.
Coffeespoons's ghost says, "Resistance is futile!"
Found 17 bolts.
Found a golden potion.
Found a thick glowing staff.
You see here an amulet of reflection.
e - an amulet of reflection The black bear bites you.
* * * LOW HITPOINT WARNING * * *
The black bear claws you but does no damage. x2
The black bear bites you but does no damage.
You block the black bear's attack.
The black bear claws you but does no damage.
You hear a series of splatters.
You see here a golden potion.
r - a golden potion The black bear bites you!
You die...

####### ....| ....
###.. ...#
.#######.##########.##
...............h@....#
.....................#
............(........#
...................(.#
.....................#
.....................#
.............?.......#
.....................#
.#######.............#


You could see a black bear.

Vanquished Creatures
  4 adders
  A river rat (Sewer)
  2 worms (D:3)
  A bat (D:1)
  2 endoplasms (D:1)
  A giant cockroach (D:2)
  5 goblins
  A hobgoblin (D:2)
  5 jackals
  A kobold (D:2)
  3 quokkas
  3 ball pythons
  2 frilled lizards
  11 rats
42 creatures vanquished.

Vanquished Creatures (others)
  A water moccasin skeleton (D:3)
  2 jellies
  An iguana (D:3)
  3 adders
  A gnoll (D:2)
  A river rat (Sewer)
  3 dart slugs
  2 bats
  2 endoplasms (D:2)
  3 giant cockroaches (D:3)
  A hobgoblin (D:3)
  A jackal (D:2)
  15 kobolds
  A quokka (D:3)
  4 ball pythons
  A frilled lizard (Sewer)
  2 goblins (D:2)
  10 rats (Sewer)
54 creatures vanquished.

Grand Total: 96 creatures vanquished

Notes
Turn   | Place    | Note
-------+----------+-------------------------------------------
     0 | D:1      | ABBCCCDDDD the Djinni Fighter began the quest for the Orb.
     0 | D:1      | Reached XP level 1. HP: 20/20 MP: 0/0
   485 | D:1      | Reached XP level 2. HP: 25/25 MP: 0/0
   676 | D:1      | You are sucked into a shaft and drop 1 floor!
   966 | D:2      | Found a faded altar of an unknown god.
   975 | D:2      | Became a worshipper of Jiyva Juzih the Shapeless
   975 | D:2      | Reached * piety under Jiyva
  1048 | D:2      | Reached XP level 3. HP: 27/30 MP: 0/0
  1048 | D:2      | Learned a level 1 spell: Beastly Appendage
  1100 | D:2      | Reached ** piety under Jiyva
  2506 | D:3      | Found a hide-covered altar of Uskayaw.
  2550 | D:3      | Reached XP level 4. HP: 25/35 MP: 0/0
  2750 | D:3      | Found a glowing drain.
  2761 | Sewer    | Entered a sewer
  2877 | Sewer    | Reached *** piety under Jiyva
  2914 | Sewer    | Noticed a kobold brigand
  2924 | Sewer    | HP: 1/37 [kobold brigand (8)]
  4030 | D:4      | Noticed Grinder
  4045 | D:4      | Noticed a black bear
  4062 | D:4      | Found a runed translucent gate.
  4062 | D:4      | Found a runed translucent gate.
  4062 | D:4      | Found a runed translucent gate.
  4062 | D:4      | Noticed coffeespoons's ghost (novice OpAE)
  4100 | D:4      | Slain by a black bear

Illustrated notes

Levels and vault maps discovered:
D:1:      dpeg_arrival_arbitrary_a, layout_loops_corners, minmay_misc_feat_iff
D:2:      layout_basic, hellmonk_ecumenical_altar_crossroads,
          minmay_joined_circles
D:3:      layout_loops_ring, eat_drink_and_be_merry_uskayaw,
          portal_sewer_entry_f
D:4:      layout_basic, bloody_trog, ebering_ghost_rock_garden,
          grunt_decor_clamped, hangedman_abyss_or_decor_stagger, uniq_grinder

Skill      XL: |  1  2  3 |
---------------+----------+-----
Long Blades    | 2 3 |  3.5
Fighting       | |  3.7
Armour         | |  3.0
Shields        | |  3.0

Action                   |  1- 3 |  4- 6 || total
-------------------------+-------+-------++-------
Melee: Long sword        |    86 |    49 ||   135
Throw: Dart              |     6 |     4 ||    10
  Use: Scroll            |     4 |     1 ||     5
       Potion            |       |     1 ||     1
Armor: Scale mail        |    38 |    27 ||    65
Dodge: Dodged            |    28 |    23 ||    51
Block: Kite shield       |    50 |    26 ||    76
       Rpst.: Long sword |    11 |     6 ||    17
